 Dungeon Crawl Stone Soup version 0.30-a0-802-gb92711bcdf (console) character file.

Game seed: 8073985011221426903

4 petzl the Sneak (level 1, 0/18 HPs)
             Began as a Formicid Delver on Feb 24, 2023.
             Was an Initiate of Vehumet.
             Slain by an orc
             ... wielding a +0 club
              (5 damage)
             ... on level 5 of the Dungeon.
             The game lasted 00:02:46 (499 turns).

petzl the Sneak (Formicid Delver)                    Turns: 499, Time: 00:02:46

Health: 0/18       AC:  3    Str: 16    XL:     1   Next: 66%
Magic:  1/1        EV: 12    Int:  9    God:    Vehumet [......]
Gold:   6          SH:  0    Dex: 15    Spells: 1/1 levels left

rFire   . . .      SeeInvis +    a - +0 mace
rCold   . . .      Faith    .    (no shield)
rNeg    . . .      Spirit   .    b - +0 leather armour
rPois   .          Reflect  .    (helmet unavailable)
rElec   .          Harm     .    (no cloak)
rCorr   .          Rampage  .    (no gloves)
Will    .....                    (no boots)
Stlth   +++                      (no amulet)
HPRegen 0.23/turn                (no ring)
MPRegen 0.07/turn                (no ring)

@: no status effects
A: permanent stasis, dig shafts and tunnels, antennae 3, four strong arms
a: Dig, Shaft Self, Renounce Religion


You were on level 5 of the Dungeon.
You worshipped Vehumet.
Vehumet was noncommittal.
You visited 2 branches of the dungeon, and saw 3 of its levels.

You collected 6 gold pieces.

Inventory:

Hand Weapons
 a - a +0 mace (weapon)
Armour
 b - a +0 leather armour (worn)
Wands
 f - a wand of digging (3)
Scrolls
 c - a scroll of fog
 d - a scroll of magic mapping
 e - a scroll of fear
 g - a scroll of identify {unknown}


   Skills:
 - Level 3.2 Fighting
 - Level 2.0 Maces & Flails
 - Level 1.7 Dodging
 + Level 6.1 Stealth
 + Level 0.6 Spellcasting


You had one spell level left.
You didn't know any spells.
Your spell library was empty.

Dungeon Overview and Level Annotations

Branches:
Dungeon (6/15)             Temple (1/1) D:5

Altars:
Ashenzari
Cheibriados
Dithmenos
Elyvilon
Fedhas
Gozag
Hepliaklqana
Kikubaaqudgha
Makhleb
Nemelex Xobeh
Okawaru
Ru
Sif Muna
Trog
Uskayaw
Vehumet
Wu Jian
Xom
Yredelemnul
The Shining One

Annotations:
D:5 exclusions: downstairs and scorpion


Innate Abilities, Weirdness & Mutations

You cannot be hasted, slowed, berserked, paralysed or teleported.
You can dig through walls and to a lower floor.
You have a pair of large antennae on your head. (SInv)
Your four strong arms can wield two-handed weapons with a shield.


Message History

You hit the orc.
The orc is severely wounded.
The orc hits you with a +0 club.
You hit the orc but do no damage.
The orc is severely wounded.
The orc hits you but does no damage.
You barely miss the orc.
The orc is severely wounded.
The orc misses you. The orc hits you but does no damage.
You barely miss the orc.
The orc is severely wounded.
The orc hits you with a +0 club.
You barely miss the orc.
The orc is severely wounded.
The orc closely misses you.
You barely miss the orc.
The orc is severely wounded.
The orc hits you with a +0 club. x2
You hit the orc.
You kill the orc!
Vehumet accepts your kill.
Things that are here:
a +0 club; a +0 chain mail You start resting.
HP restored.
You see here a +0 dagger {!f =f}.
An orc comes into view.
It is wielding a +1 flail of protection.
An orc comes into view. It is wielding a +0 club.
The orc shouts!
You closely miss the orc.
The orc hits you with a +1 flail of protection!
Ouch! That really hurt!
An orc comes into view. It is wielding a +0 club.
The orc attacks as you move away! The orc closely misses you.
The orc attacks as you move away!
The orc hits you with a +1 flail of protection.
* * * LOW HITPOINT WARNING * * *
You hit the orc but do no damage. The orc closely misses you.
The orc attacks as you move away! The orc hits you with a +0 club.
You die...

####### ##.....##
##..._...##
#.._..._..#
#....#o...#
#._o###._.#
#....##...# ###
#..⌠..#oo.# #..
##o...#.@.# #.#
##o_.##.## #.#
....##)### #.# {
.._..#....# #.#
o_...#####.# ##.#
.....## #.# ...#
####### #.# #### #.#
#.# #
########.######)# #
#......[........#
#####.#######.#######
......# #.# #######
#.# # #.# # #.#
####### #.# ......#
#.# #####.# #[#


You could see 3 orcs.

Vanquished Creatures
  2 orcs (D:5)
2 creatures vanquished.

Notes
Turn   | Place    | Note
-------+----------+-------------------------------------------
     0 | D:5      | petzl the Formicid Delver began the quest for the Orb.
     0 | D:5      | Reached XP level 1. HP: 18/18 MP: 1/1
    25 | D:5      | Found an iron altar of Okawaru.
    52 | D:5      | Found a staircase to the Ecumenical Temple.
   138 | D:5      | Noticed a water moccasin
   205 | D:5      | Noticed a scorpion
   264 | Temple   | Entered the Ecumenical Temple
   272 | Temple   | Became a worshipper of Vehumet
   343 | D:6      | Noticed a centaur
   344 | D:6      | Noticed an iguana
   376 | D:5      | Found a blossoming altar of Fedhas.
   377 | D:5      | Found a snail-covered altar of Cheibriados.
   382 | D:5      | Found an ornate altar of the Wu Jian Council.
   383 | D:5      | Found a basalt altar of Yredelemnul.
   384 | D:5      | Found a glowing golden altar of the Shining One.
   385 | D:5      | Found a shimmering blue altar of Sif Muna.
   387 | D:5      | Found a sacrificial altar of Ru.
   499 | D:5      | Slain by an orc

Illustrated notes

Levels and vault maps discovered:
D:5:      layout_loops_ring, nicolae_overflow_hallway_of_the_gods,
          minmay_temple_entry_purple_smoke
D:6:      layout_basic
Temple:   nicolae_temple_no_exploring_needed

Action                     || total
---------------------------++-------
  Melee: Mace              ||    13
 Armour: Leather armour    ||     2
  Dodge: Dodged            ||     6

Table legend: (Time is in decaauts)
 A = Elapsed time spent in this place.
 B = Non-inter-level travel time spent in this place.
 C = Inter-level travel time spent in this place.
 D = Time resting spent in this place.
 E = Time spent auto-exploring this place.
 F = Levels seen in this place.
 G = Mean time per level.
                   A        B        C        D        E       F      G
               +--------+--------+--------+--------+--------+-----+--------+
         Total |    503 |    488 |     15 |     38 |     76 |   3 |  167.7 |
       Dungeon |    486 |    485 |      1 |     38 |     76 |   2 |  243.0 |
        Temple |     16 |      2 |     14 |      0 |      0 |   1 |   16.0 |
               +--------+--------+--------+--------+--------+-----+--------+

Top non-repeatable levels by time:
     D:5: 476 daAuts
  Temple: 16 daAuts
     D:6: 9 daAuts
